Capitals vs Jets

Created - 7 mars 2018 at 22:04

Goals
1 2 3 T
Capitals 1 0 0 1
Jets 3 0 0 3
Shots
1 2 3 T
Capitals 6 5 10 21
Jets 11 2 10 23

1st period

1. Jets , Mikko Koivu 28 (Jonas Brodin 27, Jamie Benn 45) at 0:28
2. Jets , Bryan Rust 9 (Jeff Skinner 30, Jonas Brodin 28) at 13:07
3. Jets , Jeff Skinner 29 (Hampus Lindholm 20, Radek Faksa 9) at 18:53
4. Capitals , Jack Johnson 8 (Alexander Ovechkin 35, Taylor Hall 29) at 19:29 (PP)

Penalties :
Cam Atkinson (WPG) for Hooking (Minor) at 1:58, Hampus Lindholm (WPG) for Tripping (Minor) at 19:01

2nd period

No Goal

Penalties :
Brock Nelson (WPG) for Hooking (Minor) at 8:02, Mike Blunden (WSH) for Slashing (Minor) at 12:48

3rd period

No Goal

Penalties :
Jeff Skinner (WPG) for Interference (Minor) at 16:38

Goalie Stats

Cam Ward (WSH), 20 saves from 23 shots - (0.870), L, 36-23-6, 60:00 minutes
Cory Schneider (WPG), 20 saves from 21 shots - (0.952), W, 32-16-6, 60:00 minutes

Players Stats for Capitals

Player Name              G  A  P  +/- PIM S  H  SB GA TA FO     MP     PP MP  PK MP  
------------------------------------------------------------------------------------
Alexander Ovechkin       0  1  1  -2  0   3  3  0  0  0  1/2    21:42   4:07   0:22 
Andrew Desjardins        0  0  0  -1  0   0  0  0  0  0  5/10    9:35   0:26   0:10 
Calvin de Haan           0  0  0   0  0   0  1  0  0  0  0/0    19:26   2:18   0:34 
Cody Eakin               0  0  0   0  0   1  0  0  0  0  0/0    15:00   1:52   1:37 
David Desharnais         0  0  0   0  0   1  0  0  0  0  2/4    16:35   1:52   0:50 
Derek Dorsett            0  0  0  -1  0   0  1  0  0  0  1/2     9:25   0:26   0:00 
Dmitri Orlov             0  0  0   0  0   0  2  0  0  0  0/0    15:14   0:00   0:00 
Jack Johnson             1  0  1  -3  0   2  0  0  0  0  0/0    22:46   4:07   1:25 
Lukas Sedlak             0  0  0   0  0   0  1  0  0  0  1/1    13:53   0:00   0:00 
Mathieu Perreault        0  0  0   0  0   1  1  0  0  0  3/7    11:31   0:00   0:00 
Mike Blunden             0  0  0  -1  2   0  0  0  0  0  0/1     8:58   0:00   0:00 
Mike Green               0  0  0   0  0   0  0  1  0  0  0/0    19:26   2:18   0:34 
Morgan Rielly            0  0  0   0  0   0  1  1  0  0  0/0    17:48   0:00   0:00 
Ryan Kesler              0  0  0  -2  0   3  1  0  0  0  17/30  21:46   4:33   0:00 
Ryan McDonagh            0  0  0  -3  0   2  2  4  0  0  0/0    25:20   4:07   1:25 
Sergey Kalinin           0  0  0   0  0   2  2  0  0  0  6/13   13:53   0:00   0:00 
Taylor Hall              0  1  1  -2  0   5  2  0  0  0  1/3    22:19   4:07   0:59 
Viktor Stalberg          0  0  0   0  0   1  1  0  0  0  0/3    13:23   1:52   0:00 

Players Stats for Jets

Player Name              G  A  P  +/- PIM S  H  SB GA TA FO     MP     PP MP  PK MP  
------------------------------------------------------------------------------------
Brock Nelson             0  0  0   0  2   0  1  0  0  0  0/0    13:13   0:35   0:00 
Bryan Rust               1  0  1   2  0   1  0  0  0  0  0/1     7:13   0:35   0:00 
Cam Atkinson             0  0  0   1  2   2  0  0  0  0  0/2    20:52   0:34   0:00 
Connor Carrick           0  0  0   0  0   0  1  2  0  0  0/0     9:29   0:00   0:00 
Frans Nielsen            0  0  0   0  0   0  0  0  0  0  12/24  16:11   0:50   2:45 
Hampus Lindholm          0  1  1   3  2   0  3  1  0  0  0/0    22:02   0:34   4:03 
Jamie Benn               0  1  1   1  0   1  2  2  0  0  1/1    20:54   0:35   0:00 
Jeff Skinner             1  1  2   2  2   3  1  0  0  0  0/0    19:35   0:50   0:22 
Jonas Brodin             0  2  2   3  0   0  0  1  0  0  0/0    18:17   0:51   0:00 
Jordie Benn              0  0  0   0  0   0  2  1  0  0  0/0    19:07   0:34   2:06 
Marian Hossa             0  0  0   0  0   3  0  1  0  0  0/3    16:59   1:08   3:34 
Matt Irwin               0  0  0   0  0   0  0  2  0  0  0/0    11:26   0:00   0:16 
Mika Zibanejad           0  0  0   0  0   2  0  0  0  0  7/13   15:08   0:00   2:29 
Mikko Koivu              1  0  1   1  0   5  1  0  0  0  12/20  20:53   0:34   0:00 
Nick Holden              0  0  0   0  0   0  3  0  0  0  0/0    18:39   1:08   1:54 
Radek Faksa              0  1  1   2  0   1  1  0  0  0  7/12    9:42   0:00   3:40 
Rickard Rakell           0  0  0   0  0   5  1  0  0  0  0/0    12:52   0:16   0:00 
Tobias Enstrom           0  0  0   0  0   0  0  2  0  0  0/0    20:59   0:51   4:31 

3 Stars

1 - Jonas Brodin (WPG)
2 - Jeff Skinner (WPG)
3 - Bryan Rust (WPG)

Power Play

Capitals - 1 on 4 Attempt(s) - 25.00%
Jets - 0 on 1 Attempt(s) - 0.00%

Penalty Kill

Capitals - 1 on 1 Attempt(s) - 100.00% - Score 0 goal in Penalty Kill
Jets - 3 on 4 Attempt(s) - 75.00% - Score 0 goal in Penalty Kill

Team Stat

Capitals - Hits : 18 - Faceoff Wins : 37 - Blocked Shots : 6 - Penalty Minutes : 2
Jets - Hits : 16 - Faceoff Wins : 39 - Blocked Shots : 12 - Penalty Minutes : 8

Official

Referees : Brad Watson and Garrett Rank
Linesman : Brad Kovachik and Mark Wheler

Game Notes

No Game Note

Finance

Level 1 -- Attendance: 4288 (71.47%) -- Ticket Income 600 320 $
Level 2 -- Attendance: 2633 (52.66%) -- Ticket Income 342 290 $
Level 3 -- Attendance: 1288 (58.55%) -- Ticket Income 154 560 $
Level 4 -- Attendance: 894 (87.99%) -- Ticket Income 98 340 $
Luxury Box -- Attendance: 535 (66.88%) -- Ticket Income 181 900 $
Game was played at the MTS Center.
Total Attendance: 9638 (64.18%)
Total Ticket Income: 1 377 410 $
Other Income: 206 612 $
Total Income: 1 584 022 $

% Time on Ice - Capitals

Lines # - Real PCT - Wanted PCT - Time Play
Normal Forward
1 - 33% - 40% - 17:13
2 - 27% - 30% - 13:53
3 - 22% - 20% - 11:31
4 - 17% - 10% - 8:59
Normal Defense
1 - 33% - 40% - 17:14
2 - 32% - 30% - 16:34
3 - 28% - 20% - 14:14
4 - 7% - 10% - 3:34
PP Forward
1 - 71% - 60% - 4:33
2 - 29% - 40% - 1:52
PP Defense
1 - 64% - 60% - 4:07
2 - 36% - 40% - 2:18
PK Forward
1 - 96% - 60% - 1:54
2 - 4% - 40% - 0:05
PK Defense
1 - 71% - 60% - 1:25
2 - 29% - 40% - 0:34
PK3 Forward
1 - 0% - 60%
2 - 0% - 40%
PK3 Defense
1 - 0% - 60%
2 - 0% - 40%
44 Forward
1 - 0% - 60%
2 - 0% - 40%
44 Defense
1 - 0% - 60%
2 - 0% - 40%
Last Minute Offensive  - 0:00
Last Minute Defensive  - 0:00
Total
Forward - 60:00
Defense - 60:00

% Time on Ice - Jets

Lines # - Real PCT - Wanted PCT - Time Play
Normal Forward
1 - 39% - 35% - 20:19
2 - 24% - 34% - 12:36
3 - 25% - 22% - 12:39
4 - 12% - 9% - 6:02
Normal Defense
1 - 34% - 40% - 17:26
2 - 30% - 30% - 15:37
3 - 22% - 20% - 11:10
4 - 14% - 10% - 7:23
PP Forward
1 - 58% - 60% - 1:09
2 - 42% - 40% - 0:50
PP Defense
1 - 57% - 60% - 1:08
2 - 43% - 40% - 0:51
PK Forward
1 - 61% - 60% - 3:56
2 - 39% - 40% - 2:29
PK Defense
1 - 70% - 60% - 4:31
2 - 30% - 40% - 1:54
PK3 Forward
1 - 0% - 60%
2 - 0% - 40%
PK3 Defense
1 - 0% - 60%
2 - 0% - 40%
44 Forward
1 - 0% - 60%
2 - 0% - 40%
44 Defense
1 - 0% - 60%
2 - 0% - 40%
Last Minute Offensive  - 0:00
Last Minute Defensive  - 0:00
Total
Forward - 60:00
Defense - 60:00

Play by Play

1st period


0:01 of 1st period - Ryan Kesler wins face-off versus Cam Atkinson in neutral zone.
0:28 of 1st period - Shot by Mikko Koivu.
0:28 of 1st period - Goal by Mikko Koivu - Capitals : 0 - Jets : 1.
0:29 of 1st period - Sergey Kalinin wins face-off versus Frans Nielsen in neutral zone.
0:44 of 1st period - Shot by Rickard Rakell.
0:44 of 1st period - Shot Blocked by Mike Green.
1:05 of 1st period - Icing by Sergey Kalinin.
1:06 of 1st period - Sergey Kalinin wins face-off versus Marian Hossa in Capitals zone.
1:39 of 1st period - Shot by Brock Nelson.
1:39 of 1st period - Shot Misses the Net.
1:58 of 1st period - Minor Penalty to Cam Atkinson for Hooking.
1:59 of 1st period - Ryan Kesler wins face-off versus Radek Faksa in Jets zone.
2:00 of 1st period - Shot by Ryan McDonagh.
2:00 of 1st period - Shot Misses the Net.
2:02 of 1st period - Shot by Jack Johnson.
2:02 of 1st period - Stopped by Cory Schneider without a rebound.
2:03 of 1st period - Radek Faksa wins face-off versus Ryan Kesler in Jets zone.
2:03 of 1st period - Radek Faksa is hit by Taylor Hall.
2:29 of 1st period - Shot by Taylor Hall.
2:29 of 1st period - Stopped by Cory Schneider without a rebound.
2:30 of 1st period - Ryan Kesler wins face-off versus Frans Nielsen in Jets zone.
2:38 of 1st period - Icing by Ryan Kesler.
2:39 of 1st period - Ryan Kesler wins face-off versus Frans Nielsen in Capitals zone.
3:05 of 1st period - Icing by Taylor Hall.
3:06 of 1st period - Radek Faksa wins face-off versus Ryan Kesler in Capitals zone.
3:38 of 1st period - Icing by Cody Eakin.
3:39 of 1st period - Mika Zibanejad wins face-off versus David Desharnais in Capitals zone.
4:02 of 1st period - Shot by Cody Eakin.
4:02 of 1st period - Stopped by Cory Schneider without a rebound.
4:03 of 1st period - Mikko Koivu wins face-off versus Andrew Desjardins in Jets zone.
4:32 of 1st period - Shot by Cam Atkinson.
4:32 of 1st period - Stopped by Cam Ward without a rebound.
4:33 of 1st period - Ryan Kesler wins face-off versus Frans Nielsen in Capitals zone.
4:35 of 1st period - Icing by Ryan McDonagh.
4:36 of 1st period - Ryan Kesler wins face-off versus Frans Nielsen in Capitals zone.
4:45 of 1st period - Shot by Alexander Ovechkin.
4:45 of 1st period - Shot Misses the Net.
5:36 of 1st period - Icing by Viktor Stalberg.
5:37 of 1st period - Jamie Benn wins face-off versus Mathieu Perreault in Capitals zone.
6:00 of 1st period - Shot by Mikko Koivu.
6:00 of 1st period - Shot Blocked by Morgan Rielly.
7:18 of 1st period - Mika Zibanejad is hit by Lukas Sedlak and loses puck.
7:30 of 1st period - Icing by Marian Hossa.
7:31 of 1st period - Ryan Kesler wins face-off versus Mika Zibanejad in Jets zone.
7:39 of 1st period - Icing by Matt Irwin.
7:40 of 1st period - Ryan Kesler wins face-off versus Mika Zibanejad in Jets zone.
8:16 of 1st period - Jack Johnson is hit by Jeff Skinner.
8:25 of 1st period - Shot by Rickard Rakell.
8:25 of 1st period - Stopped by Cam Ward without a rebound.
8:26 of 1st period - Radek Faksa wins face-off versus Mike Blunden in Capitals zone.
8:26 of 1st period - Jeff Skinner is hit by Calvin de Haan and loses puck.
9:17 of 1st period - Calvin de Haan is hit by Jamie Benn and loses puck.
9:42 of 1st period - Shot by Cam Atkinson.
9:42 of 1st period - Shot Hit the Post.
9:47 of 1st period - Mathieu Perreault is hit by Nick Holden and loses puck.
9:57 of 1st period - Cody Eakin is hit by Nick Holden and loses puck.
10:12 of 1st period - Jack Johnson is hit by Jamie Benn and loses puck.
11:13 of 1st period - Shot by Marian Hossa.
11:13 of 1st period - Stopped by Cam Ward without a rebound.
11:14 of 1st period - David Desharnais wins face-off versus Frans Nielsen in Capitals zone.
11:34 of 1st period - Rickard Rakell is hit by Dmitri Orlov and loses puck.
12:39 of 1st period - Shot by Mika Zibanejad.
12:39 of 1st period - Stopped by Cam Ward without a rebound.
12:40 of 1st period - Derek Dorsett wins face-off versus Radek Faksa in Capitals zone.
13:07 of 1st period - Shot by Jeff Skinner.
13:07 of 1st period - Deflect By Bryan Rust.
13:07 of 1st period - Goal by Bryan Rust - Capitals : 0 - Jets : 2.
13:08 of 1st period - Mikko Koivu wins face-off versus Ryan Kesler in neutral zone.
13:21 of 1st period - Icing by Dmitri Orlov.
13:22 of 1st period - Ryan Kesler wins face-off versus Marian Hossa in Capitals zone.
13:22 of 1st period - Ryan Kesler is hit by Brock Nelson.
13:52 of 1st period - Icing by Connor Carrick.
13:53 of 1st period - Sergey Kalinin wins face-off versus Mika Zibanejad in Jets zone.
14:24 of 1st period - Shot by Mikko Koivu.
14:24 of 1st period - Shot Misses the Net.
14:26 of 1st period - Shot by Jamie Benn.
14:26 of 1st period - Stopped by Cam Ward without a rebound.
14:27 of 1st period - Frans Nielsen wins face-off versus Viktor Stalberg in Capitals zone.
14:57 of 1st period - Shot by Rickard Rakell.
14:57 of 1st period - Stopped by Cam Ward without a rebound.
14:58 of 1st period - Mikko Koivu wins face-off versus Alexander Ovechkin in Capitals zone.
15:37 of 1st period - Shot by Alexander Ovechkin.
15:37 of 1st period - Shot Misses the Net.
16:03 of 1st period - Shot by Marian Hossa.
16:03 of 1st period - Shot Misses the Net.
16:09 of 1st period - Jordie Benn is hit by Taylor Hall and loses puck.
16:41 of 1st period - Shot by David Desharnais.
16:41 of 1st period - Deflect By Lukas Sedlak.
16:41 of 1st period - Shot Blocked by Matt Irwin.
16:43 of 1st period - Shot by Lukas Sedlak.
16:43 of 1st period - Shot Misses the Net.
16:56 of 1st period - Icing by Jordie Benn.
16:57 of 1st period - Mika Zibanejad wins face-off versus Mathieu Perreault in Jets zone.
17:24 of 1st period - Icing by Dmitri Orlov.
17:25 of 1st period - Mathieu Perreault wins face-off versus Frans Nielsen in Capitals zone.
17:35 of 1st period - Icing by Dmitri Orlov.
17:36 of 1st period - Mathieu Perreault wins face-off versus Mikko Koivu in Capitals zone.
18:14 of 1st period - Jamie Benn is hit by Sergey Kalinin and loses puck.
18:49 of 1st period - Shot by Rickard Rakell.
18:49 of 1st period - Stopped by Cam Ward without a rebound.
18:50 of 1st period - Radek Faksa wins face-off versus Ryan Kesler in Capitals zone.
18:53 of 1st period - Shot by Jeff Skinner.
18:53 of 1st period - Goal by Jeff Skinner - Capitals : 0 - Jets : 3.
18:54 of 1st period - Ryan Kesler wins face-off versus Frans Nielsen in neutral zone.
19:00 of 1st period - Icing by Hampus Lindholm.
19:01 of 1st period - Ryan Kesler wins face-off versus Frans Nielsen in Jets zone.
19:01 of 1st period - Minor Penalty to Hampus Lindholm for Tripping.
19:02 of 1st period - Taylor Hall wins face-off versus Radek Faksa in Jets zone.
19:07 of 1st period - Shot by Taylor Hall.
19:07 of 1st period - Stopped by Cory Schneider without a rebound.
19:08 of 1st period - Ryan Kesler wins face-off versus Marian Hossa in Jets zone.
19:09 of 1st period - Shot by Taylor Hall.
19:09 of 1st period - Shot Blocked by Tobias Enstrom.
19:11 of 1st period - Shot by Ryan McDonagh.
19:11 of 1st period - Stopped by Cory Schneider with a rebound.
19:27 of 1st period - Shot by Alexander Ovechkin.
19:27 of 1st period - Shot Misses the Net.
19:29 of 1st period - Shot by Jack Johnson.
19:29 of 1st period - Goal by Jack Johnson - Capitals : 1 - Jets : 3.
19:30 of 1st period - Sergey Kalinin wins face-off versus Frans Nielsen in neutral zone.
19:35 of 1st period - Icing by Hampus Lindholm.
19:36 of 1st period - Frans Nielsen wins face-off versus Sergey Kalinin in Jets zone.
19:45 of 1st period - Shot by Rickard Rakell.
19:45 of 1st period - Deflect By Jeff Skinner.
19:45 of 1st period - Stopped by Cam Ward without a rebound.
19:46 of 1st period - Ryan Kesler wins face-off versus Mikko Koivu in Capitals zone.
19:46 of 1st period - Ryan Kesler is hit by Mikko Koivu.
Goals for this period are 1 for Capitals vs 3 for Jets.
Shots for this period are 6 for Capitals vs 11 for Jets.

2nd period


0:01 of 2nd period - Frans Nielsen wins face-off versus Ryan Kesler in neutral zone.
0:12 of 2nd period - Shot by Ryan Kesler.
0:12 of 2nd period - Stopped by Cory Schneider without a rebound.
0:13 of 2nd period - Lukas Sedlak wins face-off versus Mikko Koivu in Jets zone.
0:53 of 2nd period - Shot by Cam Atkinson.
0:53 of 2nd period - Stopped by Cam Ward without a rebound.
0:54 of 2nd period - Frans Nielsen wins face-off versus Ryan Kesler in Capitals zone.
1:04 of 2nd period - Shot by Hampus Lindholm.
1:04 of 2nd period - Shot Misses the Net.
1:06 of 2nd period - Shot by Jonas Brodin.
1:06 of 2nd period - Shot Blocked by Ryan McDonagh.
1:08 of 2nd period - Shot by Jeff Skinner.
1:08 of 2nd period - Shot Misses the Net.
1:58 of 2nd period - Shot by Cody Eakin.
1:58 of 2nd period - Shot Blocked by Connor Carrick.
2:00 of 2nd period - Shot by Mathieu Perreault.
2:00 of 2nd period - Stopped by Cory Schneider without a rebound.
2:01 of 2nd period - Mikko Koivu wins face-off versus Andrew Desjardins in Jets zone.
2:01 of 2nd period - Mikko Koivu is hit by Derek Dorsett.
2:09 of 2nd period - Icing by Mike Green.
2:10 of 2nd period - Andrew Desjardins wins face-off versus Mikko Koivu in Capitals zone.
2:14 of 2nd period - Icing by Calvin de Haan.
2:15 of 2nd period - Mikko Koivu wins face-off versus Andrew Desjardins in Capitals zone.
3:31 of 2nd period - Ryan Kesler is hit by Radek Faksa and loses puck.
4:55 of 2nd period - Nick Holden is hit by Sergey Kalinin and loses puck.
5:38 of 2nd period - Shot by Viktor Stalberg.
5:38 of 2nd period - Shot Blocked by Marian Hossa.
5:45 of 2nd period - Icing by Tobias Enstrom.
5:46 of 2nd period - Mika Zibanejad wins face-off versus Derek Dorsett in Jets zone.
5:58 of 2nd period - Icing by Jack Johnson.
5:59 of 2nd period - Andrew Desjardins wins face-off versus Mikko Koivu in Capitals zone.
6:27 of 2nd period - Icing by Connor Carrick.
6:28 of 2nd period - Ryan Kesler wins face-off versus Mikko Koivu in Jets zone.
7:08 of 2nd period - Shot by Ryan Kesler.
7:08 of 2nd period - Shot Blocked by Jordie Benn.
7:10 of 2nd period - Shot by Taylor Hall.
7:10 of 2nd period - Stopped by Cory Schneider without a rebound.
7:11 of 2nd period - Frans Nielsen wins face-off versus Sergey Kalinin in Jets zone.
7:21 of 2nd period - Calvin de Haan is hit by Hampus Lindholm and loses puck.
7:45 of 2nd period - Icing by Calvin de Haan.
7:46 of 2nd period - Mika Zibanejad wins face-off versus Sergey Kalinin in Capitals zone.
8:02 of 2nd period - Minor Penalty to Brock Nelson for Hooking.
8:03 of 2nd period - Alexander Ovechkin wins face-off versus Radek Faksa in Jets zone.
8:14 of 2nd period - Shot by Taylor Hall.
8:14 of 2nd period - Shot Misses the Net.
9:19 of 2nd period - Off-side.
9:20 of 2nd period - Ryan Kesler wins face-off versus Frans Nielsen in neutral zone.
10:20 of 2nd period - Derek Dorsett is hit by Connor Carrick.
11:10 of 2nd period - Shot by Cody Eakin.
11:10 of 2nd period - Deflect By Mathieu Perreault.
11:10 of 2nd period - Shot Misses the Net.
11:12 of 2nd period - Shot by Calvin de Haan.
11:12 of 2nd period - Shot Blocked by Jamie Benn.
11:49 of 2nd period - Shot by Sergey Kalinin.
11:49 of 2nd period - Stopped by Cory Schneider without a rebound.
11:50 of 2nd period - Frans Nielsen wins face-off versus Ryan Kesler in Jets zone.
11:50 of 2nd period - Frans Nielsen is hit by Alexander Ovechkin.
12:08 of 2nd period - Jeff Skinner is hit by Morgan Rielly and loses puck.
12:11 of 2nd period - Shot by Jeff Skinner.
12:11 of 2nd period - Shot Misses the Net.
12:13 of 2nd period - Shot by Jeff Skinner.
12:13 of 2nd period - Shot Misses the Net.
12:48 of 2nd period - Minor Penalty to Mike Blunden for Slashing.
12:49 of 2nd period - Frans Nielsen wins face-off versus David Desharnais in Capitals zone.
13:57 of 2nd period - Off-side.
13:58 of 2nd period - Mikko Koivu wins face-off versus Taylor Hall in neutral zone.
15:23 of 2nd period - Icing by Morgan Rielly.
15:24 of 2nd period - Frans Nielsen wins face-off versus Andrew Desjardins in Capitals zone.
15:24 of 2nd period - Frans Nielsen is hit by Dmitri Orlov.
15:26 of 2nd period - Shot by Rickard Rakell.
15:26 of 2nd period - Shot Misses the Net.
15:28 of 2nd period - Shot by Jeff Skinner.
15:28 of 2nd period - Shot Misses the Net.
16:37 of 2nd period - Shot by Alexander Ovechkin.
16:37 of 2nd period - Stopped by Cory Schneider without a rebound.
16:38 of 2nd period - Mika Zibanejad wins face-off versus Ryan Kesler in Jets zone.
16:51 of 2nd period - Shot by Brock Nelson.
16:51 of 2nd period - Shot Blocked by Ryan McDonagh.
16:53 of 2nd period - Shot by Mika Zibanejad.
16:53 of 2nd period - Shot Blocked by Ryan McDonagh.
16:55 of 2nd period - Shot by Jordie Benn.
16:55 of 2nd period - Shot Blocked by Ryan McDonagh.
16:57 of 2nd period - Shot by Mika Zibanejad.
16:57 of 2nd period - Stopped by Cam Ward without a rebound.
16:58 of 2nd period - Sergey Kalinin wins face-off versus Bryan Rust in Capitals zone.
18:22 of 2nd period - Icing by Marian Hossa.
18:23 of 2nd period - Mika Zibanejad wins face-off versus Mathieu Perreault in Jets zone.
19:10 of 2nd period - Shot by Jamie Benn.
19:10 of 2nd period - Shot Misses the Net.
19:42 of 2nd period - Shot by Rickard Rakell.
19:42 of 2nd period - Shot Misses the Net.
Goals for this period are 0 for Capitals vs 0 for Jets.
Shots for this period are 5 for Capitals vs 2 for Jets.

3rd period


0:01 of 3rd period - Ryan Kesler wins face-off versus Frans Nielsen in neutral zone.
0:12 of 3rd period - Shot by Rickard Rakell.
0:12 of 3rd period - Stopped by Cam Ward without a rebound.
0:13 of 3rd period - Mikko Koivu wins face-off versus Sergey Kalinin in Capitals zone.
0:20 of 3rd period - Shot by Mikko Koivu.
0:20 of 3rd period - Stopped by Cam Ward without a rebound.
0:21 of 3rd period - Frans Nielsen wins face-off versus Taylor Hall in Capitals zone.
0:24 of 3rd period - Shot by Rickard Rakell.
0:24 of 3rd period - Deflect By Jeff Skinner.
0:24 of 3rd period - Stopped by Cam Ward with a rebound.
0:29 of 3rd period - Ryan McDonagh is hit by Hampus Lindholm and loses puck.
0:36 of 3rd period - Shot by Ryan Kesler.
0:36 of 3rd period - Shot Misses the Net.
0:49 of 3rd period - Ryan Kesler is hit by Hampus Lindholm and loses puck.
0:52 of 3rd period - Shot by Ryan Kesler.
0:52 of 3rd period - Shot Blocked by Jonas Brodin.
0:54 of 3rd period - Shot by Alexander Ovechkin.
0:54 of 3rd period - Shot Misses the Net.
0:56 of 3rd period - Shot by Taylor Hall.
0:56 of 3rd period - Deflect By Ryan Kesler.
0:56 of 3rd period - Shot Misses the Net.
0:58 of 3rd period - Shot by Ryan McDonagh.
0:58 of 3rd period - Stopped by Cory Schneider without a rebound.
0:59 of 3rd period - Mikko Koivu wins face-off versus Sergey Kalinin in Jets zone.
1:06 of 3rd period - Shot by Cam Atkinson.
1:06 of 3rd period - Shot Misses the Net.
1:08 of 3rd period - Shot by Mikko Koivu.
1:08 of 3rd period - Stopped by Cam Ward with a rebound.
1:16 of 3rd period - Shot by Mikko Koivu.
1:16 of 3rd period - Stopped by Cam Ward with a rebound.
1:18 of 3rd period - Shot by Mikko Koivu.
1:18 of 3rd period - Stopped by Cam Ward without a rebound.
1:19 of 3rd period - Mika Zibanejad wins face-off versus Mathieu Perreault in Capitals zone.
1:32 of 3rd period - Shot by Marian Hossa.
1:32 of 3rd period - Stopped by Cam Ward without a rebound.
1:33 of 3rd period - Frans Nielsen wins face-off versus Ryan Kesler in Capitals zone.
1:33 of 3rd period - Rickard Rakell is hit by Ryan McDonagh and loses puck.
2:16 of 3rd period - Shot by Taylor Hall.
2:16 of 3rd period - Stopped by Cory Schneider with a rebound.
3:16 of 3rd period - Shot by Mathieu Perreault.
3:16 of 3rd period - Shot Blocked by Tobias Enstrom.
3:18 of 3rd period - Shot by Viktor Stalberg.
3:18 of 3rd period - Stopped by Cory Schneider with a rebound.
3:20 of 3rd period - Shot by Cody Eakin.
3:20 of 3rd period - Shot Misses the Net.
3:26 of 3rd period - Shot by Cody Eakin.
3:26 of 3rd period - Shot Blocked by Jamie Benn.
4:54 of 3rd period - Shot by Taylor Hall.
4:54 of 3rd period - Shot Blocked by Matt Irwin.
4:56 of 3rd period - Shot by Taylor Hall.
4:56 of 3rd period - Stopped by Cory Schneider without a rebound.
4:57 of 3rd period - Frans Nielsen wins face-off versus Sergey Kalinin in Jets zone.
6:23 of 3rd period - Shot by Marian Hossa.
6:23 of 3rd period - Stopped by Cam Ward without a rebound.
6:24 of 3rd period - Radek Faksa wins face-off versus Ryan Kesler in Capitals zone.
6:37 of 3rd period - Shot by Radek Faksa.
6:37 of 3rd period - Stopped by Cam Ward without a rebound.
6:38 of 3rd period - Andrew Desjardins wins face-off versus Mika Zibanejad in Capitals zone.
6:40 of 3rd period - Icing by Mike Green.
6:41 of 3rd period - Radek Faksa wins face-off versus Andrew Desjardins in Capitals zone.
7:44 of 3rd period - Shot by Alexander Ovechkin.
7:44 of 3rd period - Shot Blocked by Connor Carrick.
8:02 of 3rd period - Shot by Alexander Ovechkin.
8:02 of 3rd period - Deflect By Taylor Hall.
8:02 of 3rd period - Shot Misses the Net.
8:04 of 3rd period - Shot by Jack Johnson.
8:04 of 3rd period - Shot Misses the Net.
8:20 of 3rd period - David Desharnais is hit by Jordie Benn and loses puck.
8:52 of 3rd period - Off-side.
8:53 of 3rd period - Mikko Koivu wins face-off versus Viktor Stalberg in neutral zone.
9:06 of 3rd period - Jonas Brodin is hit by Viktor Stalberg and loses puck.
9:51 of 3rd period - Shot by Alexander Ovechkin.
9:51 of 3rd period - Deflect By Ryan Kesler.
9:51 of 3rd period - Stopped by Cory Schneider without a rebound.
9:52 of 3rd period - Andrew Desjardins wins face-off versus Mika Zibanejad in Jets zone.
10:16 of 3rd period - Andrew Desjardins is hit by Nick Holden.
10:39 of 3rd period - Off-side.
10:40 of 3rd period - Ryan Kesler wins face-off versus Cam Atkinson in neutral zone.
10:47 of 3rd period - Jonas Brodin is hit by Alexander Ovechkin.
11:21 of 3rd period - Shot by Ryan Kesler.
11:21 of 3rd period - Shot Blocked by Hampus Lindholm.
11:23 of 3rd period - Shot by Taylor Hall.
11:23 of 3rd period - Deflect By Alexander Ovechkin.
11:23 of 3rd period - Stopped by Cory Schneider without a rebound.
11:24 of 3rd period - David Desharnais wins face-off versus Mika Zibanejad in Jets zone.
12:13 of 3rd period - Mika Zibanejad is hit by Mathieu Perreault and loses puck.
12:56 of 3rd period - Shot by Rickard Rakell.
12:56 of 3rd period - Shot Misses the Net.
13:02 of 3rd period - Shot by Rickard Rakell.
13:02 of 3rd period - Stopped by Cam Ward without a rebound.
13:03 of 3rd period - Mikko Koivu wins face-off versus Ryan Kesler in Capitals zone.
13:20 of 3rd period - Shot by Alexander Ovechkin.
13:20 of 3rd period - Shot Misses the Net.
13:30 of 3rd period - Shot by Alexander Ovechkin.
13:30 of 3rd period - Stopped by Cory Schneider without a rebound.
13:31 of 3rd period - Frans Nielsen wins face-off versus Sergey Kalinin in Jets zone.
13:45 of 3rd period - Shot by Mike Green.
13:45 of 3rd period - Shot Misses the Net.
13:47 of 3rd period - Shot by Sergey Kalinin.
13:47 of 3rd period - Stopped by Cory Schneider without a rebound.
13:48 of 3rd period - Mikko Koivu wins face-off versus Ryan Kesler in Jets zone.
13:48 of 3rd period - Jamie Benn is hit by Alexander Ovechkin and loses puck.
13:56 of 3rd period - Mikko Koivu is hit by Ryan McDonagh.
14:19 of 3rd period - Alexander Ovechkin is hit by Jordie Benn and loses puck.
14:44 of 3rd period - Lukas Sedlak is hit by Rickard Rakell and loses puck.
15:51 of 3rd period - Off-side.
15:52 of 3rd period - Andrew Desjardins wins face-off versus Mikko Koivu in neutral zone.
15:57 of 3rd period - Icing by Jamie Benn.
15:58 of 3rd period - Mikko Koivu wins face-off versus Ryan Kesler in Jets zone.
15:58 of 3rd period - Cam Atkinson is hit by Ryan Kesler and loses puck.
16:38 of 3rd period - Minor Penalty to Jeff Skinner for Interference.
16:39 of 3rd period - Radek Faksa wins face-off versus Viktor Stalberg in Jets zone.
18:36 of 3rd period - Shot by Ryan Kesler.
18:36 of 3rd period - Stopped by Cory Schneider with a rebound.
18:40 of 3rd period - Shot by Derek Dorsett.
18:40 of 3rd period - Deflect By Lukas Sedlak.
18:40 of 3rd period - Shot Misses the Net.
18:42 of 3rd period - Shot by Sergey Kalinin.
18:42 of 3rd period - Shot Misses the Net.
18:44 of 3rd period - Shot by Sergey Kalinin.
18:44 of 3rd period - Deflect By David Desharnais.
18:44 of 3rd period - Stopped by Cory Schneider without a rebound.
18:45 of 3rd period - Sergey Kalinin wins face-off versus Mikko Koivu in Jets zone.
19:08 of 3rd period - Shot by Sergey Kalinin.
19:08 of 3rd period - Shot Misses the Net.
19:45 of 3rd period - Off-side.
19:46 of 3rd period - Mathieu Perreault wins face-off versus Radek Faksa in neutral zone.
Goals for this period are 0 for Capitals vs 0 for Jets.
Shots for this period are 10 for Capitals vs 10 for Jets.